Map: Galactic Process LE

Players

Boylan

  • Race: Terran Terran
  • League: Gold
  • Spawn Location: 1:00

Fropez - Winner!

  • Race: Protoss Protoss
  • League: Gold
  • Spawn Location: 7:00

VOD

Have the link to the VOD?

Description

Time

  • Played on: Oct. 25, 2016, 11:36 a.m.
  • Length: 15:09
Show
View Real Time Build Order
Export as new Build Order

Boylan Terran 

Build Orders: Command Center First (CC) 

Get SALT Encoding   

  12  0:01  SCV  
  13  0:13  SCV  
  14  0:23  Supply Depot  
  14  0:28  SCV  
  15  0:55  Command Center  
  15  0:58  SCV  
  16  1:13  Barracks  
  16  1:16  Refinery  
  16  1:25  SCV, Refinery  
  17  1:38  Engineering Bay  
  17  1:40  SCV  
  18  1:52  SCV  
  19  2:05  SCV  
  19  2:06  SCV  
  19  2:07  Barracks Tech Lab  
  21  2:19  SCV  
  21  2:21  Planetary Fortress  
  22  2:31  SCV  
  22  2:32  Marauder  
  25  2:43  SCV  
  26  2:50  Factory  
  26  2:55  SCV  
  27  3:02  Factory  
  27  3:07  Marauder  
  27  3:09  SCV  
  27  3:10  SCV  
  31  3:21  SCV  
  31  3:25  SCV  
  33  3:44  SCV, Command Center  
  34  3:49  SCV  
  35  3:57  Factory Reactor, Factory Tech Lab  
  35  4:00  SCV  
  36  4:14  SCV, Missile Turret  
  37  4:17  Missile Turret  
  37  4:23  Armory  
  37  4:24  Missile Turret  
  37  4:31  Armory  
  37  4:32  SCV  
  38  4:42  Supply Depot  
  38  4:48  Orbital Command  
  38  4:55  SCV  
  38  4:56  SCV  
  40  5:04  Missile Turret  
  40  5:07  SCV  
  41  5:15  Refinery x2  
  41  5:16  Missile Turret, Terran Vehicle And Ship Armor Level 1  
  41  5:18  Terran Ship Weapons Level 1  
  41  5:20  SCV  
  42  5:27  SCV x2  
  44  5:37  Starport  
  44  5:38  Starport  
  44  5:39  SCV  
  44  5:40  Widow Mine  
  44  5:41  Widow Mine  
  49  5:47  Siege Tank  
  49  5:49  SCV  
  46  6:09  Marauder  
  48  6:19  SCV x2  
  48  6:20  SCV  
  51  6:26  Widow Mine x2  
  51  6:27  Siege Tank  
  51  6:29  Starport Tech Lab  
  51  6:30  Starport Reactor  
  58  6:34  SCV x2  
  58  6:35  SCV  
  61  7:02  Command Center  
  61  7:10  SCV  
  61  7:22  SCV x2  
  61  7:23  Widow Mine  
  61  7:31  Widow Mine  
  61  7:51  Terran Infantry Weapons Level 1  
  61  7:57  SCV x3  
  61  7:59  Widow Mine  
  61  8:04  Widow Mine  
  61  8:09  SCV x2  
  61  8:10  Liberator x2  
  58  8:17  Marauder  
  55  8:22  SCV  
  55  8:23  SCV x2, Terran Vehicle And Ship Armor Level 2  
  55  8:24  Terran Ship Weapons Level 2  
  55  8:26  Banshee  
  54  8:33  Siege Tank  
  61  8:37  SCV  
  61  8:48  SCV, Marauder  
  50  9:19  SCV x2  
  50  9:22  Planetary Fortress  
  48  9:45  Hi-Sec Auto Tracking  
  48  9:49  Command Center  
  48  9:54  Command Center  
  48  9:56  SCV x2  
  48  9:58  Command Center  
  50  10:01  SCV  
  50  10:08  SCV x2  
  51  10:19  Missile Turret  
  51  10:21  SCV  
  51  10:22  SCV, Liberator  
  51  10:23  Liberator  
  51  10:24  Starport Tech Lab  
  53  10:35  SCV x2  
  54  10:40  Missile Turret  
  60  10:51  SCV  
  61  11:10  SCV x3  
  64  11:18  SCV  
  65  11:22  SCV x3  
  65  11:24  Refinery  
  66  11:25  Refinery  
  66  11:30  SCV  
  67  11:34  SCV x2  
  67  11:37  SCV  
  68  11:42  SCV  
  64  11:55  SCV x2  
  64  12:01  SCV x2  
  58  12:13  SCV x4  
  58  12:37  Missile Turret  
  49  12:42  Widow Mine x2  
  49  12:43  Siege Tank  
  49  12:44  SCV  
  49  12:45  SCV x2  
  49  12:49  Refinery, Liberator  
  52  12:52  Refinery  
  52  12:57  Missile Turret  
  51  13:00  SCV  
  51  13:03  Starport Tech Lab  
  56  13:26  SCV  
  56  13:27  SCV  
  57  13:28  Liberator  
  51  13:39  SCV  
  51  13:40  Command Center  
  46  14:22  Supply Depot  
  46  14:23  SCV, Supply Depot  
  46  14:25  Command Center  
  46  14:26  Supply Depot  
  46  14:29  Supply Depot  
  46  14:38  Starport  
  46  14:41  Starport  
  46  14:43  SCV  
  46  14:44  Starport  
  46  14:45  SCV  
Show
View Real Time Build Order
Export as new Build Order

Fropez Protoss - Winner!

Build Orders: 1 Gate Expand 

Get SALT Encoding   

  12  0:01  Probe (Chrono Boost)  
  13  0:11  Probe (Chrono Boost)  
  14  0:18  Pylon  
  14  0:22  Probe (Chrono Boost)  
  15  0:35  Assimilator  
  15  0:41  Gateway  
  15  0:44  Probe (Chrono Boost)  
  17  1:04  Probe (Chrono Boost)  
  17  1:06  Gateway  
  17  1:29  Nexus  
  17  1:32  Probe (Chrono Boost)  
  18  1:45  Cybernetics Core  
  19  1:47  Probe (Chrono Boost)  
  19  1:57  Probe (Chrono Boost)  
  20  2:02  Assimilator  
  20  2:11  Probe (Chrono Boost)  
  21  2:26  Pylon  
  21  2:32  Mothership Core (Chrono Boost)  
  23  2:41  Adept x2  
  27  2:47  Warp Gate (Chrono Boost)  
  27  2:48  Probe (Chrono Boost)  
  28  2:54  Probe (Chrono Boost)  
  29  2:59  Pylon  
  29  3:01  Probe (Chrono Boost)  
  30  3:08  Adept  
  30  3:11  Adept  
  34  3:22  Pylon, Probe  
  35  3:35  Stalker  
  35  3:40  Stalker  
  39  3:42  Probe  
  40  3:57  Probe  
  40  3:59  Probe  
  42  4:10  Probe  
  42  4:11  Probe  
  44  4:21  Probe  
  44  4:23  Probe  
  46  4:24  Assimilator  
  46  4:26  Assimilator  
  46  4:36  Pylon  
  46  4:44  Probe  
  46  4:45  Probe  
  47  4:46  Robotics Facility  
  48  4:53  Gateway  
  48  4:55  Probe  
  48  4:57  Pylon  
  49  5:01  Probe  
  49  5:06  Probe, Stalker x2  
  55  5:16  Probe x2  
  57  5:24  Gateway  
  57  5:28  Probe  
  58  5:32  Probe  
  58  5:33  Pylon  
  59  5:36  Pylon  
  59  5:40  Probe  
  60  6:09  Probe, Gateway  
  60  6:10  Adept x2, Probe  
  66  6:20  Probe  
  66  6:21  Warp Prism  
  66  6:23  Probe  
  70  6:30  Probe  
  70  6:31  Stalker  
  70  6:32  Stalker x3  
  79  6:35  Probe  
  80  6:41  Probe  
  80  6:42  Pylon  
  80  6:46  Pylon  
  81  6:47  Probe  
  81  6:50  Pylon  
  81  6:52  Gateway  
  82  6:57  Observer  
  83  7:07  Twilight Council  
  83  7:11  Nexus  
  83  7:14  Probe  
  83  7:15  Pylon  
  83  7:16  Probe  
  81  7:41  Adept x5  
  79  8:02  Stalker x4  
  79  8:03  Stalker  
  79  8:05  Probe  
  87  8:06  Probe  
  85  8:26  Probe  
  85  8:27  Probe  
  85  8:31  Stalker x4  
  85  8:32  Stalker  
  97  8:35  Blink  
  97  8:37  Immortal  
  91  8:54  Stalker x2  
  91  8:55  Stalker x2  
  81  9:32  Adept x5  
  81  9:37  Assimilator  
  91  9:41  Adept  
  91  9:42  Assimilator  
  93  9:46  Gateway  
  93  9:49  Gateway  
  93  9:52  Gateway  
  89  9:54  Gateway  
  89  9:57  Gateway  
  89  9:58  Pylon  
  89  9:59  Probe  
  89  10:00  Probe  
  89  10:01  Pylon  
  89  10:02  Pylon  
  89  10:09  Probe x2  
  89  10:22  Nexus  
  89  10:25  Stalker x6  
  89  10:26  Assimilator  
  101  10:28  Assimilator  
  101  10:30  Pylon  
  101  10:52  Probe x2  
  101  10:53  Probe  
  102  11:05  Probe, Stargate  
  102  11:06  Probe x2  
  102  11:07  Stargate  
  102  11:10  Pylon  
  99  11:34  Stalker  
  99  11:35  Stalker x6  
  99  11:36  Stalker x2  
  101  12:04  Stalker x6  
  101  12:05  Stalker  
  101  12:06  Stalker x4  
  123  12:10  Phoenix  
  119  12:15  Phoenix  
  111  12:45  Stalker x5  
  111  12:46  Stalker x2  
  124  13:29  Void Ray x2  
  124  13:31  Probe  
  124  13:32  Probe x2  
  124  13:33  Probe  
  128  13:48  Stalker x2  
  128  13:54  Nexus  
  128  13:59  Zealot  
  128  14:05  Pylon  
  128  14:09  Stalker x4  
  134  14:10  Stalker  
  134  14:11  Void Ray  
  140  14:37  Pylon  
  140  14:43  Forge  
  140  14:44  Forge  
  140  14:51  Stalker x3  
  140  14:52  Stalker x2  
Tags
 
Add a new tag
Caveats
  • Supply blocks, unpowered buildings, or Contaminate may cause inaccurate times.
  • Supply counts are checked every 10 seconds.